 Dungeon Crawl Stone Soup version 0.21.1-1-g345015f (webtiles) character file.

378 Mirai the Sneak (level 7, -1/38 HPs)
             Began as a Kobold Enchanter on Apr 23, 2018.
             Succumbed to an orc's poison
             ... on level 3 of the Dungeon.
             The game lasted 00:15:23 (3515 turns).

Mirai the Sneak (Kobold Enchanter)                  Turns: 3515, Time: 00:15:24

Health: -1/38      AC:  5    Str:  5    XL:     7   Next: 4%
Magic:  9/12       EV: 17    Int: 17    God:
Gold:   119        SH:  0    Dex: 17    Spells: 6/12 levels left

rFire    . . .     SeeInvis .   p - +0 rapier
rCold    . . .     Gourm    .   (shield restricted)
rNeg     . . .     Faith    .   b - +0 robe
rPois    +         Spirit   .   (no helmet)
rElec    .         Reflect  .   k - +0 cloak
rCorr    .         Harm     .   h - +1 pair of gloves
MR       .....                  (no boots)
Stlth    +++.......             (no amulet)
HPRegen  0.12/turn              e - ring of poison resistance
MPRegen  0.13/turn              (no ring)

@: lethally poisoned (-1 -> -23), very slightly contaminated
A: small, carnivore
a: no special abilities


You were on level 3 of the Dungeon.
You were completely stuffed.

You visited 1 branch of the dungeon, and saw 4 of its levels.

You collected 119 gold pieces.

Inventory:

Hand Weapons
 f - a +2 dagger of venom
 p - a +0 rapier (weapon)
Armour
 b - a +0 robe (worn)
 h - a +1 pair of gloves (worn)
 k - a +0 cloak (worn)
 n - a +0 leather armour
 q - a +0 robe
Jewellery
 e - a ring of poison resistance (left hand)
Scrolls
 g - a scroll of enchant armour
 j - a scroll of identify {unknown}
 l - 3 scrolls of remove curse
Potions
 a - 2 potions of magic
Books
 c - a book of Maledictions

   Spells                             Type                      Level
   a - Corona                         Hexes                        1
   b - Ensorcelled Hibernation        Hexes/Ice                    2
   c - Confuse                        Hexes                        3
   d - Tukima's Dance                 Hexes                        3
   e - Dazzling Spray                 Conjuration/Hexes            3
Comestibles
 d - 4 rations
 o - a chunk of flesh


   Skills:
 + Level 1.3 Fighting
 + Level 3.7 Short Blades
 + Level 4.3 Dodging
 + Level 5.5 Stealth
 + Level 3.4 Spellcasting
 + Level 4.1 Hexes
 + Level 1.1 Ice Magic


You had 6 spell levels left.
You knew the following spells:

 Your Spells              Type           Power        Failure   Level  Hunger
a - Corona                Hex            ###....      3%          1    None
b - Ensorcelled Hibernat  Hex/Ice        ##....       9%          2    ##.....
c - Tukima's Dance        Hex            ###.....     10%         3    ###....


Dungeon Overview and Level Annotations

Branches:
Dungeon (4/15)
 Temple: D:4-7

Altars:
Ashenzari
Fedhas
Kikubaaqudgha

Shops:
D:4 [


Innate Abilities, Weirdness & Mutations

You are small and have problems with some larger weapons.
You are carnivorous and can eat meat at any time.


Message History

The orc hits you with a flail of venom.
You are lethally poisoned!
* * * LOW HITPOINT WARNING * * *
You feel sick.
It was a potion of magic.
Magic courses through your body.
* * * LOW HITPOINT WARNING * * *
You feel sick. The orc hits you but does no damage.
Your trident hits the orc from afar. The orc hits you with a flail of venom!
* * * LOW HITPOINT WARNING * * *
You are more poisoned.
Unknown command.
Casting: Tukima's Dance
Confirm with . or Enter, or press ? or * to list all spells.
Aiming: Tukima's Dance
Press: ? - help, Shift-Dir - straight line, f - orc, p - orc
Aim: an orc, wielding a flail of venom and wearing a scale mail (chance to defeat MR: 71%)
You miscast Tukima's Dance.
You are very lightly contaminated with residual magic.
Your skin tingles.
You die...

##.##..###..####....
##...##########.....#
#...............###.#
#..............## #.#
#..............# #.#
#....(.(....(.<# #..
#..............# ###
##..oo......((##
##.@........##
############


You could see 2 orcs and a friendly trident.

Vanquished Creatures
  4 orc priests
  Crazy Yiuf (D:2)
  2 orc wizards
  A worker ant (D:2)
  4 gnolls
  3 adders
  3 worms (D:2)
  A dart slug (D:1)
  6 leopard geckos
  8 orcs
  2 giant cockroaches (D:2)
  5 hobgoblins
  2 jackals (D:1)
  2 quokkas (D:3)
  9 bats
  6 frilled lizards
  5 goblins
  4 kobolds
  9 rats
77 creatures vanquished.

Vanquished Creatures (collateral kills)
  An orc (D:2)
1 creature vanquished.

Vanquished Creatures (others)
  A dancing weapon (D:2)
  A human (D:3)
2 creatures vanquished.

Grand Total: 80 creatures vanquished

Notes
Turn   | Place    | Note
-------+----------+-------------------------------------------
     0 | D:1      | Mirai the Kobold Enchanter began the quest for the Orb.
     0 | D:1      | Reached XP level 1. HP: 10/10 MP: 3/3
   101 | D:1      | Reached XP level 2. HP: 4/15 MP: 3/5
   110 | D:1      | Learned a level 2 spell: Ensorcelled Hibernation
   831 | D:1      | Reached XP level 3. HP: 17/19 MP: 6/6
  1218 | D:2      | Reached XP level 4. HP: 24/24 MP: 0/7
  1513 | D:2      | Learned a level 3 spell: Tukima's Dance
  1675 | D:1      | Reached XP level 5. HP: 23/28 MP: 0/9
  1752 | D:2      | You fall through a shaft for 2 floors!
  1752 | D:4      | Found a shattered altar of Ashenzari.
  1752 | D:4      | Noticed an ogre
  1771 | D:4      | Noticed an ogre
  1772 | D:4      | Noticed an ogre
  2302 | D:2      | Found a runed door.
  2306 | D:2      | Noticed Crazy Yiuf
  2311 | D:2      | Killed Crazy Yiuf
  2311 | D:2      | Reached skill level 5 in Stealth
  2812 | D:3      | Reached XP level 6. HP: 32/32 MP: 7/10
  2957 | D:3      | Found an ancient bone altar of Kikubaaqudgha.
  3004 | D:3      | Noticed a human
  3005 | D:3      | Killed a human
  3180 | D:3      | Reached skill level 1 in Fighting
  3260 | D:3      | Found a blossoming altar of Fedhas.
  3430 | D:4      | Reached skill level 1 in Ice Magic
  3507 | D:4      | Found Uppirph's Armour Shop.
  3511 | D:3      | Reached XP level 7. HP: 24/38 MP: 9/12
  3514 | D:3      | HP: 1/38 [orc/flail of venom (8)]
  3515 | D:3      | Succumbed to an orc's poison

Skill      XL: |  1  2  3  4  5  6 |
---------------+-------------------+-----
Dodging        | 3 4 |  4.3
Short Blades   | 2 3 |  3.7
Stealth        | 5 |  5.5
Spellcasting   | 3 |  3.4
Fighting       | 1 |  1.3
Hexes          | 4 |  4.1
Ice Magic      | 1 |  1.1

Action                   |  1- 3 |  4- 6 |  7- 9 || total
-------------------------+-------+-------+-------++-------
Melee: Dagger            |    76 |   139 |       ||   215
       Rapier            |       |    35 |       ||    35
 Cast: Corona            |     2 |     1 |       ||     3
       Ensorcelled Hiber |     8 |    43 |       ||    51
       Tukima's Dance    |       |     3 |     1 ||     4
  Use: Scroll            |       |     6 |       ||     6
       Potion            |       |     1 |     1 ||     2
 Stab: Sleeping          |     9 |    29 |       ||    38
  Eat: Chunk             |    10 |    10 |       ||    20
Armor: Robe              |    20 |    31 |     1 ||    52
Dodge: Dodged            |    96 |   163 |     2 ||   261
